 Dungeon Crawl Stone Soup version 0.30-a0-738-g116ff8c4af (webtiles) character file.

Game seed: 12464404377653270967

97 mopl the Magician (level 4, 0/27 HPs)
             Began as an Octopode Hedge Wizard on Feb 3, 2023.
             Constricted to death by Natasha (3 damage)
             ... on level 3 of the Dungeon.
             The game lasted 00:02:40 (1689 turns).

mopl the Magician (Octopode Hedge Wizard)           Turns: 1689, Time: 00:02:40

Health: 0/27       AC:  1    Str:  9    XL:     4   Next: 68%
Magic:  9/9        EV: 10    Int: 18    God:
Gold:   120        SH:  0    Dex: 11    Spells: 7/10 levels left

rFire   . . .      SeeInvis .    i - +1 quarterstaff (speed)
rCold   . . .      Faith    .    (shield currently unavailable)
rNeg    . . .      Spirit   .    b - +0 hat
rPois   .          Reflect  .    p - amulet of magic regeneration
rElec   .          Harm     .    (no ring)
rCorr   .          Rampage  .    (no ring)
Will    .....                    (no ring)
Stlth   +++                      (no ring)
HPRegen 0.24/turn                (no ring)
MPRegen 0.51/turn                (no ring)
                                 (no ring)
                                 (no ring)

@: grasped by roots, constricted
A: almost no armour, amphibious, 8 rings, camouflage 1, gelatinous body 1,
(nimble swimmer 1), tentacles
a: no special abilities


You were on level 3 of the Dungeon.
You visited 1 branch of the dungeon, and saw 3 of its levels.

You collected 120 gold pieces.

Inventory:

Hand Weapons
 e - a +0 dagger of freezing
 i - a +1 quarterstaff of speed (weapon)
Missiles
 j - 3 boomerangs
Armour
 b - a +0 hat (worn)
Jewellery
 p - an amulet of magic regeneration (around mantle)
Scrolls
 a - a scroll of identify {unknown}
 d - a scroll of blinking {unknown}
 g - 3 scrolls of silence {unknown}
 n - a scroll of teleportation {unknown}
 o - a scroll of poison {unknown}
Potions
 c - a potion of magic
 f - a potion of attraction {unknown}
 h - a potion of brilliance {unknown}
 k - a potion of cancellation {unknown}
 l - a potion of invisibility {unknown}
 m - a potion of lignification {unknown}


   Skills:
 - Level 2.0 Dodging
 - Level 2.6 Stealth
 + Level 3.8 Spellcasting
 + Level 2.7 Conjurations
 - Level 1.0 Summonings
 + Level 2.1 Translocations


You had 7 spell levels left.
You knew the following spells:

 Your Spells              Type           Power      Damage    Failure   Level
a - Magic Dart            Conj           52%        1d5       4%          1
e - Blink                 Tloc           22%        N/A       10%         2

Your spell library contained the following spells:

 Spells                   Type           Power      Damage    Failure   Level
 Slow                     Hex            12%        N/A       16%         1
 Call Imp                 Summ           7%         N/A       16%         2
 Cigotuvi's Dreadful Rot  Necr/Pois/Air  6%         N/A       22%         2
 Mephitic Cloud           Conj/Pois/Air  6%         N/A       30%         3


Dungeon Overview and Level Annotations

Branches:
Dungeon (3/15)

Altars:

Annotations:
D:3 Natasha


Innate Abilities, Weirdness & Mutations

You cannot wear most types of armour.
You are amphibious.
You can wear up to eight rings at the same time.
Your skin changes colour to match your surroundings (Stealth+).
Your rubbery body absorbs attacks. (AC +1, EV +1)
((You are camouflaged when in or above water. (Stealth+)))
You have tentacles for arms and can constrict up to eight enemies at once.


Message History

Natasha zaps a wand.
The roots erupt in riotous growth!
The grasping roots grab you! The grasping roots constrict you.
You hear a shout! x3
The roots lose their grip on you.
You climb upwards.
There is a stone staircase leading down here.
You start resting.
HP restored.
You climb downwards.
Level annotation: Natasha Natasha mumbles some strange words.
Natasha shimmers violently.
Natasha zaps a wand.
The roots erupt in riotous growth!
The grasping roots grab you!
Natasha is unaffected.
The grasping roots constrict you.
There is a stone staircase leading up, spattered with blood here.
You barely miss Natasha. Your grab misses Natasha. Your squeeze misses Natasha.
Natasha barely misses you. The grasping roots constrict you.
You barely miss Natasha. Your grab misses Natasha. Natasha claws you.
The grasping roots constrict you.
You hit Natasha but do no damage. Your grab misses Natasha. Natasha claws you.
The grasping roots constrict you.
* * * LOW HITPOINT WARNING * * *
The grasping roots release their grip on you.
You miss Natasha. You grab Natasha.
You constrict Natasha, but do no damage.
Natasha zaps a wand.
The roots erupt in riotous growth!
The grasping roots grab you!
Natasha is unaffected.
The grasping roots constrict you.
* * * LOW HITPOINT WARNING * * *
You hit Natasha but do no damage. You constrict Natasha. You hit Natasha.
You squeeze Natasha.
Natasha is heavily wounded.
You constrict Natasha.
Natasha howls an incantation.
Natasha's front paws start to glow.
Natasha claws you.
* * * LOW HITPOINT WARNING * * *
The grasping roots constrict you.
You die...

#.##.# #.##.# #.##.#
#.##.# #.# #.##.###
#.. #......# #.# #
#..#.#.####### #.# .
#......h.....# #.#.#
##.#.#@#####.# #.#.#
#.....# #.# #.#.###
###.#######.####......
#........h.†.)...###
#########.####.### #.#
#.# #.# #.# #.#
#.##### ..# #....g.


You could see Natasha.

Vanquished Creatures
  Terence (D:2)
  A gnoll (D:2)
  2 adders
  A worm (D:2)
  4 endoplasms
  3 giant cockroaches
  5 goblins
  7 hobgoblins
  2 jackals (D:2)
  5 kobolds
  A quokka (D:2)
  6 bats
  4 frilled lizards
  A rat (D:2)
43 creatures vanquished.

Notes
Turn   | Place    | Note
-------+----------+-------------------------------------------
     0 | D:1      | mopl the Octopode Hedge Wizard began the quest for the Orb.
     0 | D:1      | Reached XP level 1. HP: 11/11 MP: 4/4
   113 | D:1      | Reached XP level 2. HP: 17/17 MP: 6/6
   322 | D:1      | Learned a level 2 spell: Blink
   559 | D:2      | Reached skill level 2 in Conjurations
   617 | D:2      | Reached XP level 3. HP: 14/21 MP: 8/8
  1195 | D:2      | Noticed Terence
  1200 | D:2      | Killed Terence
  1201 | D:2      | Reached XP level 4. HP: 13/27 MP: 9/9
  1277 | D:2      | Reached skill level 2 in Translocations
  1483 | D:3      | Noticed Natasha
  1689 | D:3      | Constricted to death by Natasha

Illustrated notes

Levels and vault maps discovered:
D:1:      scummos_arrival_star, layout_basic,
          hangedman_abyss_or_decor_lesser_grid,
          nicolae_concentric_dashed_squares_mild
D:2:      layout_basic, chequers_serial_rivers_micro_a, cheibrodos_gnoll_hut,
          uniq_terence
D:3:      layout_loops_ring, uniq_natasha, uniq_jessica, uniq_robin

Skill      XL: |  1  2  3  4 |
---------------+-------------+-----
Conjurations   | 2 |  2.7
Translocations | 2 |  2.1
Dodging        | |  2.0
Stealth        | |  2.6
Spellcasting   | |  3.8
Summonings     | |  1.0

Action                     |  1- 3 |  4- 6 || total
---------------------------+-------+-------++-------
  Melee: Dagger            |    47 |       ||    47
         Tentacles         |    18 |     3 ||    21
         Constrict         |    19 |     5 ||    24
         Quarterstaff      |    40 |    22 ||    62
   Cast: Magic Dart        |     1 |     3 ||     4
   Stab: Sleeping          |     6 |     1 ||     7
 Armour: Skin              |     9 |       ||     9
  Dodge: Dodged            |    37 |    16 ||    53

Table legend: (Time is in decaauts)
 A = Elapsed time spent in this place.
 B = Non-inter-level travel time spent in this place.
 C = Inter-level travel time spent in this place.
 D = Time resting spent in this place.
 E = Time spent auto-exploring this place.
 F = Levels seen in this place.
 G = Mean time per level.
                   A        B        C        D        E       F      G
               +--------+--------+--------+--------+--------+-----+--------+
         Total |   1690 |   1653 |     37 |    369 |    928 |   3 |  563.3 |
       Dungeon |   1690 |   1653 |     37 |    369 |    928 |   3 |  563.3 |
               +--------+--------+--------+--------+--------+-----+--------+

Top non-repeatable levels by time:
     D:2: 1007 daAuts
     D:1: 545 daAuts
     D:3: 137 daAuts
